 Dungeon Crawl Stone Soup version 0.21.1-1-g345015f (webtiles) character file.

39 xccam the Skirmisher (level 3, -1/29 HPs)
             Began as a Demonspawn Abyssal Knight on Feb 10, 2018.
             Was a Follower of Lugonu.
             Slain by Crazy Yiuf
             ... wielding a +2 quarterstaff of chaos
              (2 damage)
             ... on level 2 of the Dungeon.
             The game lasted 00:06:32 (1803 turns).

xccam the Skirmisher (Demonspawn Abyssal Knight)    Turns: 1803, Time: 00:06:33

Health: -1/29      AC: 12    Str: 13    XL:     3   Next: 28%
Magic:  5/5        EV:  5    Int: 13    God:    Lugonu [*.....]
Gold:   113        SH: 10    Dex: 12    Spells: 2/2 levels left

rFire    . . .     SeeInvis .   a - +1 mace
rCold    . . .     Gourm    .   m - +0 large shield
rNeg     . . .     Faith    .   e - +1 ring mail
rPois    +         Spirit   .   l - +0 hat
rElec    .         Reflect  .   (no cloak)
rCorr    .         Harm     .   (no gloves)
MR       .....                  (no boots)
Stlth    ..........             (no amulet)
HPRegen  0.09/turn              f - ring of poison resistance
MPRegen  0.09/turn              k - +6 ring of protection

@: lethally poisoned (-1 -> -5)
A: hooves 1
a: Depart the Abyss, Renounce Religion


You were on level 2 of the Dungeon.
You worshipped Lugonu.
Lugonu was aware of your devotion.
You were not hungry.

You visited 1 branch of the dungeon, and saw 2 of its levels.
You visited the Abyss 1 time.

You collected 113 gold pieces.

Inventory:

Hand Weapons
 a - a +1 mace (weapon)
Armour
 d - a +0 chain mail
 e - a +1 ring mail (worn)
 j - a +0 plate armour
 l - a +0 hat (worn)
 m - a +0 large shield (worn)
Jewellery
 f - a ring of poison resistance (left hand)
 h - an uncursed ring of stealth
 k - a +6 ring of protection (right hand)
 n - an uncursed ring of protection from fire
Scrolls
 b - a scroll of enchant armour
Comestibles
 c - 5 rations


   Skills:
 - Level 3.0 Fighting
 * Level 2.8 Maces & Flails
 * Level 2.3 Armour
 - Level 0.8 Dodging
 - Level 2.7 Invocations


You had 2 spell levels left.
You didn't know any spells.

Dungeon Overview and Level Annotations

Branches:
Dungeon (2/15)

Altars:
Fedhas
Makhleb
Nemelex Xobeh
Uskayaw
Yredelemnul

Annotations:
D:2 Crazy Yiuf


Innate Abilities, Weirdness & Mutations

You have large cloven feet.


Message History

Crazy Yiuf hits you with a quarterstaff of chaos.
* * * LOW HITPOINT WARNING * * *
Crazy Yiuf hits you but does no damage.
You hit Crazy Yiuf but do no damage. Your kick misses Crazy Yiuf.
Crazy Yiuf is almost dead.
* * * LOW HITPOINT WARNING * * *
You feel sick. You block Crazy Yiuf's attack. x2
Unknown command.
You barely miss Crazy Yiuf. Your kick misses Crazy Yiuf.
Crazy Yiuf is almost dead.
You feel yourself speed up.
* * * LOW HITPOINT WARNING * * *
You feel sick. You block Crazy Yiuf's attack. Crazy Yiuf barely misses you.
You closely miss Crazy Yiuf.
Crazy Yiuf is almost dead.
Crazy Yiuf laughs, "Powder action cower!"
Crazy Yiuf hits you with a quarterstaff of chaos.
* * * LOW HITPOINT WARNING * * *
Crazy Yiuf freezes you.
You die...

## .## ..######
...##..# ...##..#
...##..#### ####
###### ..........##
###..)# #....#
...##......####.@g..#
#....#
...###......#..##...#
#....#
...#.......#.### ####
#....# ....(..#######
#....# .......#
#.####
.......#############
#.#
.........#.........#
#.#
........##.........#
#.#
...#...###.........#
#.#


You could see Crazy Yiuf.

Vanquished Creatures
  A worm (D:2)
  3 bats
  2 giant cockroaches (D:1)
  6 goblins
  5 hobgoblins
  2 jackals (D:2)
  3 kobolds
  3 ball pythons
  2 frilled lizards
  8 rats
35 creatures vanquished.

Notes
Turn   | Place    | Note
-------+----------+-------------------------------------------
     0 | Abyss:1  | xccam the Demonspawn Abyssal Knight began the quest for the Orb.
     0 | Abyss:1  | Reached XP level 1. HP: 18/18 MP: 2/2
    83 | Abyss:1  | Found a corrupted altar of Lugonu.
   128 | Abyss:1  | Noticed a smoke demon
   142 | Abyss:1  | Noticed a sun demon
   146 | Abyss:1  | Noticed an ancient zyme
   146 | D:1      | Escaped the Abyss
   600 | D:1      | Gained mutation: You have large cloven feet. [demonic ancestry]
   600 | D:1      | Reached XP level 2. HP: 23/24 MP: 3/3
   680 | D:1      | Reached * piety under Lugonu
  1220 | D:2      | Found a burning altar of Makhleb.
  1280 | D:2      | Found a runed door.
  1380 | D:2      | Found a blossoming altar of Fedhas.
  1380 | D:2      | Found a hide-covered altar of Uskayaw.
  1381 | D:2      | Found a sparkling altar of Nemelex Xobeh.
  1383 | D:2      | Reached XP level 3. HP: 28/29 MP: 5/5
  1588 | D:2      | Found a basalt altar of Yredelemnul.
  1786 | D:2      | Noticed Crazy Yiuf
  1803 | D:2      | HP: 1/29 [Crazy Yiuf/quarterstaff of chaos (4)]
  1803 | D:2      | Slain by Crazy Yiuf

Skill      XL: |  1 |
---------------+----+-----
Maces & Flails | 2 |  2.8
Armour         | 2 |  2.3
Fighting       | |  3.0
Dodging        | |  0.8
Invocations    | |  2.7

Action                   || total
-------------------------++-------
Melee: Mace              ||   106
       Kick              ||    15
Invok: Depart the Abyss  ||     1
  Use: Scroll            ||     6
       Potion            ||     5
  Eat: Chunk             ||     3
Armor: Leather armour    ||     4
       Ring mail         ||    38
Dodge: Dodged            ||    68
Block: Large shield      ||    16
